AoeStats
← Silkbeard

Hideout

509140017Analyzed
1v1 RM · 5d ago on Sep 25, 2026· 67m 55s· 2 players
Game mode
Random Map
Map size
Tiny (2 player)
Population
200
Speed
Normal
Resources
Standard
Victory
Conquest
Starting age
Dark Age
Ending age
Imperial Age
RankedLock teamsTeams togetherTeam positionsShared explorationLock speedFull tech treeHidden civsTurbo modeCheats
Victory
Defeat
🇮🇹 Byzantines · Italy
1024
+17
🇮🇪 Vietnamese · Ireland
1052
-17
APC
10:18 Feudal Age
10:47 Feudal Age
11:21 Double-Bit Axe
11:19 Horse Collar
17:30 Fletching
19:39 Gold Mining
22:16 Castle Age
21:21 Padded Archer Armor
21:50 Gold Mining
22:17 Stone Mining
23:14 Bodkin Arrow
26:17 Heavy Plow
26:05 Loom
26:58 Wheelbarrow
29:10 Forging
29:23 Scale Barding Armor
33:52 Iron Casting
33:23 Scale Mail Armor
34:39 Crossbowman
39:20 Pikeman
44:29 Imperial Age
43:26 Gold Shaft Mining
43:30 Chain Mail Armor
43:55 Hand Cart
43:58 Leather Archer Armor
44:24 Stone Shaft Mining
44:02 Bow Saw
45:12 Chain Barding Armor
46:12 Bracer
46:48 Plate Mail Armor
46:54 Plate Barding Armor
48:37 Elite Skirmisher
49:19 Bracer
49:50 Ring Archer Armor
50:48 Two-Man Saw
51:26 Thumb Ring
50:41 Arbalester
55:14 Chemistry
54:35 Ballistics
53:55 Treadmill Crane
58:08 Halberdier
Silkbeard
9:41 Feudal Age
11:16 Man-at-Arms
14:27 Loom
18:29 Castle Age
18:17 Bloodlines
18:06 Gold Mining
19:04 Scale Barding Armor
19:51 Husbandry
20:33 Double-Bit Axe
21:55 Forging
24:14 Iron Casting
24:06 Chain Barding Armor
25:30 Iron Casting
34:57 Atonement
38:43 Wheelbarrow
38:39 Stone Mining
40:25 Thumb Ring
40:49 Hand Cart
41:00 Crossbowman
42:18 Town Watch
42:47 Padded Archer Armor
44:58 Fletching
45:24 Leather Archer Armor
45:34 Ballistics
48:39 Imperial Age
48:05 Bodkin Arrow
48:55 Arbalester
50:14 Bow Saw
50:30 Bracer
51:44 Ring Archer Armor
54:13 Chemistry
52:48 Light Cavalry
58:21 Cavalier
66:41 Plate Barding Armor
Connection lost

Rejoining the realm…

Still unreachable

The connection could not be restored.

Session expired

The server has moved on; the page needs a fresh start.